 Dungeon Crawl Stone Soup version 0.20-a0-854-g0cc194a (webtiles) character file.

111 Alarkh the Slasher (level 4, -12/36 HPs)
             Began as a Demonspawn Monk on Mar 11, 2017.
             Killed by divine providence
             ... invoked by an orc priest
              (16 damage)
             ... on level 3 of the Dungeon.
             The game lasted 00:02:29 (2493 turns).

Alarkh the Slasher (Demonspawn Monk)                Turns: 2493, Time: 00:02:30

Health: -12/36     AC:  5    Str: 13 (16) XL:     4   Next: 62%
Magic:  3/3        EV: 13    Int: 12      God:
Gold:   124        SH:  0    Dex: 13 (16) Spells: 3/3 levels left

rFire    + . .     SeeInvis .   a - +0 falchion
rCold    + . .     Gourm    .   r - +0 ring mail
rNeg     . . .     Faith    .   (no shield)
rPois    +         Spirit   .   (helmet restricted)
rElec    +         Reflect  .   (no cloak)
rCorr    +         Harm     .   (no gloves)
MR       .....                  (no boots)
Stlth    ++........             (no amulet)
Regen    0.2/turn               (no ring)
MPRegen  0.1/turn               (no ring)

@: mighty, resistant
A: horns 1, camouflage 1, low mp 1, sense surroundings 1, sturdy frame 2
a: no special abilities


You were on level 3 of the Dungeon.
You were not hungry.

You visited 1 branch of the dungeon, and saw 3 of its levels.

You collected 124 gold pieces.

Inventory:

Hand Weapons
 a - a +0 falchion (weapon)
Armour
 b - a +0 robe
 r - a +0 ring mail (worn)
Scrolls
 e - a scroll of identify
 i - a scroll of remove curse {unknown}
 j - a scroll of enchant armour {unknown}
 k - 2 scrolls of immolation {unknown}
 m - 2 scrolls of recharging {unknown}
 p - a scroll of teleportation {unknown}
 s - a scroll of enchant weapon {unknown}
Potions
 f - a potion of brilliance
 n - a potion of mutation
Comestibles
 c - a bread ration
 d - 2 royal jellies
 g - 2 chunks of flesh
 l - 5 fruits
 t - a meat ration


   Skills:
 + Level 3.6 Fighting
 * Level 3.9 Long Blades
 + Level 3.5 Dodging
 - Level 1.7 Stealth


You had 3 spell levels left.
You didn't know any spells.

Dungeon Overview and Level Annotations

Branches:
Dungeon (3/15)

Altars:
Fedhas
Gozag
Hepliaklqana
Kikubaaqudgha
Xom


Innate Abilities, Weirdness & Mutations

Your movements are less encumbered by armour. (ER -4)
You have a pair of small horns on your head.
Your skin changes colour to match your surroundings (Stealth+).
Your magical capacity is low. (-10% MP)
You passively map a small area around you.


Message History

You slash the adder!
You kill the adder!
You closely miss the orc priest. The orc priest hits you with a club.
You closely miss the orc priest.
You feel sick. The orc priest hits you with a club.
* * * LOW HITPOINT WARNING * * *
A giant cockroach comes into view.
You closely miss the orc priest.
The orc priest casts a cantrip, but nothing happens.
You closely miss the orc priest.
The orc priest mumbles some strange prayers to Beogh against you.
Pain shoots through your body!
* * * LOW HITPOINT WARNING * * *
You closely miss the orc.
The orc is lightly wounded.
You feel sick.
You are no longer poisoned.
The orc priest calls down the wrath of Beogh upon you.
Beogh smites you!
You die...

,, ...........# *,
#.#######..## #. #..#
#######.# , *#. #..#
#........ , #.####
#..###s# * * , ,
#....####......# *,, ,
#..#...........# * *
#....####.####.# *,
*#.#.## #.# #@# * ** *
#.#.# #.# #o# * *#.#.#
#......o)......
.##...####..###o!.#.....
* ..<.........#*.....
.... * ,
#...................,...
* #.#.#####...##.....<.
.. #.#.# .. ##...###. #
#.#.# , .* ##### .#


You could see 2 orc priests, an orc and a giant cockroach (wandering).

Vanquished Creatures
  An orc priest (D:3)
  2 adders
  A dart slug (D:2)
  4 orcs (D:3)
  3 giant cockroaches (D:1)
  5 goblins
  5 hobgoblins
  13 jackals
  3 bats
  2 frilled lizards
  6 kobolds
  9 rats
54 creatures vanquished.

Notes
Turn   | Place    | Note
-------+----------+-------------------------------------------
     0 | D:1      | Alarkh the Demonspawn Monk began the quest for the Orb.
     0 | D:1      | Reached XP level 1. HP: 18/18 MP: 1/1
   118 | D:1      | Gained mutation: Your movements are slightly less encumbered by armour. (ER -2) [demonic ancestry]
   118 | D:1      | Reached XP level 2. HP: 24/24 MP: 2/2
   610 | D:1      | Gained mutation: Your movements are less encumbered by armour. (ER -4) [demonic ancestry]
   610 | D:1      | Reached XP level 3. HP: 7/29 MP: 3/3
  1243 | D:2      | Gained mutation: You have a pair of small horns on your head. [potion of mutation]
  1243 | D:2      | Gained mutation: Your magical capacity is low. (-10% MP) [potion of mutation]
  1243 | D:2      | Gained mutation: You passively map a small area around you. [potion of mutation]
  1243 | D:2      | Gained mutation: Your skin changes colour to match your surroundings (Stealth+). [potion of mutation]
  1785 | D:2      | Found an ancient bone altar of Kikubaaqudgha.
  1787 | D:2      | Found a blossoming altar of Fedhas.
  2048 | D:2      | Found an opulent altar of Gozag.
  2118 | D:3      | Found a hazy altar of Hepliaklqana.
  2119 | D:3      | Found a shimmering altar of Xom.
  2119 | D:3      | Noticed a hell beast
  2120 | D:3      | Noticed a hell beast
  2120 | D:3      | Noticed a spectral ugly thing
  2138 | D:3      | Reached XP level 4. HP: 8/35 MP: 3/3
  2493 | D:3      | Killed from afar by an orc priest

Vault maps used:
D:1:      tarquinn_simple_flora_water_e
D:2:      grunt_temple_overflow_growth_and_decay, nicolae_gozag_seed_capital
D:3:      regret_index_temple_of_mockery, kennysheep_another_room, uniq_terence,
          uniq_natasha

Skill      XL: |  1  2 |
---------------+-------+-----
Long Blades    | 3 |  3.9
Dodging        | 3 |  3.5
Fighting       | |  3.6
Stealth        | |  1.7

Action                   |  1- 3 |  4- 6 || total
-------------------------+-------+-------++-------
Melee: Falchion          |   133 |    24 ||   157
       Headbutt          |       |     3 ||     3
  Use: Potion            |     5 |     2 ||     7
       Scroll            |     1 |       ||     1
 Stab: Sleeping          |     3 |     3 ||     6
       Distracted        |     1 |       ||     1
  Eat: Chunk             |     4 |     1 ||     5
Armor: Robe              |    27 |       ||    27
       Ring mail         |     3 |     5 ||     8
       Skin              |       |     1 ||     1
Dodge: Dodged            |   127 |    16 ||   143
       Rpst.: Falchion   |    48 |     4 ||    52
